 Dungeon Crawl Stone Soup version 0.31-a0-4-gefa6de2278 (webtiles) character file.

Game seed: 6519695892924663135

4606 themarg the Grappler (level 10, -4/104 HPs)
             Began as a Troll Fighter on May 4, 2023.
             Was an Elder of Okawaru.
             Slain by an eight-headed hydra (13 damage)
             ... on level 8 of the Dungeon.
             The game lasted 00:15:10 (7076 turns).

themarg the Grappler (Troll Fighter)                Turns: 7076, Time: 00:15:11

Health: -4/104     AC:  9    Str: 34    XL:     10   Next: 19%
Magic:  4/11       EV: 11    Int:  6    God:    Okawaru [****..]
Gold:   169        SH:  0    Dex:  9    Spells: 9/9 levels left

rFire   + .          .
                       - Unarmed
rCold   . . .        (no shield)
rNeg    . . .        a - +0 robe
rPois   .            O - +2 hat
rElec   .            s - +2 cloak
rCorr   .            (gloves unavailable)
SInv    .            (boots unavailable)
Will    .....        (no amulet)
Stlth   +++          k - +6 ring of strength
HPRegen 1.17/turn    r - ring of protection from fire
MPRegen 0.12/turn

%: no passive effects
@: heroic, finesse-ful, studying Dodging
A: large, unfitting armour, claws 3, regeneration 1, shaggy fur 1, tough skin 1
a: Renounce Religion, Heroism, Finesse


You were on level 8 of the Dungeon.
You worshipped Okawaru.
Okawaru was greatly pleased with you.
You visited 1 branch of the dungeon, and saw 8 of its levels.
You also visited: Sewer.

You collected 379 gold pieces.
You spent 210 gold pieces at shops.

Inventory:

Hand Weapons
 x - the +4 short sword "Guguos Miova" {freeze, rF+ rN+}
   (You found it on level 3 of the Dungeon)

   rF:        It protects you from fire.
   rN:        It protects you from negative energy.
 y - a +2 dagger of protection
Missiles
 g - 3 javelins
 u - 33 stones
 A - 29 poisoned darts
 I - 6 boomerangs
 P - 6 large rocks (quivered)
Armour
 a - a +0 robe (worn)
 b - a +0 kite shield
 s - a +2 cloak (worn)
 O - a +2 hat (worn)
Jewellery
 k - a +6 ring of strength (left claw)
 r - a ring of protection from fire (right claw)
 K - a +5 ring of evasion
 N - a ring of flight
 U - an amulet of magic regeneration
Wands
 E - a wand of mindburst (12)
 G - a wand of polymorph (6)
 M - a wand of acid (1)
 T - a wand of iceblast (4)
Scrolls
 c - 2 scrolls of enchant armour
 d - a scroll of vulnerability {unknown}
 e - 6 scrolls of teleportation
 h - a scroll of torment {unknown}
 i - a scroll of blinking {unknown}
 l - 2 scrolls of enchant weapon {unknown}
 q - 2 scrolls of identify {unknown}
 v - 2 scrolls of fog {unknown}
 D - 2 scrolls of magic mapping {unknown}
 F - 2 scrolls of butterflies {unknown}
 H - a scroll of noise {unknown}
 Q - a scroll of amnesia {unknown}
 S - a scroll of fear {unknown}
Potions
 f - 3 potions of cancellation {unknown}
 j - 4 potions of flight
 m - 2 potions of invisibility {unknown}
 n - a potion of haste {unknown}
 o - 3 potions of mutation {unknown}
 p - 3 potions of heal wounds {unknown}
 t - a potion of lignification {unknown}
 w - a potion of brilliance {unknown}
 z - a potion of berserk rage {unknown}
 B - 6 potions of curing
 J - 2 potions of attraction {unknown}
 L - a potion of magic {unknown}
 R - a potion of resistance {unknown}


   Skills:
 * Level 8.1(13.1) Fighting
 + Level 2.0(7.0) Throwing
 - Level 2.4(7.4) Dodging
 - Level 5.0(10.0) Shields
 * Level 9.5(14.5) Unarmed Combat
 + Level 3.9 Invocations
 + Level 1.5 Evocations


You had 9 spell levels left.
You didn't know any spells.
Your spell library contained the following spells:

 Spells                   Type           Power      Damage    Failure   Level
 Necrotise                Necr           0%         1d4       45%         1
 Slow                     Hex            0%         N/A       45%         1
 Ensorcelled Hibernation  Hex/Ice        0%         N/A       58%         2
 Passwall                 Tmut/Erth      0%         N/A       58%         2
 Confusing Touch          Hex            0%         N/A       83%         3
 Swiftness                Air            0%         N/A       83%         3
 Vampiric Draining        Necr           0%         2d6       83%         3
 Agony                    Necr           0%         N/A       100%        5


Dungeon Overview and Level Annotations

Branches:
Dungeon (8/15)             Temple (0/1) D:6           Sewer (visited)
   Lair: D:8-11

Altars:
Ashenzari
Dithmenos
Elyvilon
Hepliaklqana
Makhleb
Okawaru
Ru
Trog
Uskayaw
Yredelemnul
Zin

Shops:
D:6 *


Innate Abilities, Weirdness & Mutations

You are too large for most types of armour.
You have claws for hands.
Your natural rate of healing is unusually fast.
You are covered in fur. (AC +1)
You have tough skin. (AC +1)


Message History

The eight-headed hydra barely misses you.
The eight-headed hydra bites you but does no damage.
You can now deal lightning-fast blows.
The eight-headed hydra bites you!
The eight-headed hydra closely misses you.
The eight-headed hydra misses you. The eight-headed hydra bites you!
The eight-headed hydra bites you. x2; The eight-headed hydra misses you.
The eight-headed hydra bites you.
You gain the combat prowess of a mighty hero.
The eight-headed hydra closely misses you.
The eight-headed hydra misses you. The eight-headed hydra bites you.
The eight-headed hydra bites you!
* * * LOW HITPOINT WARNING * * *
The eight-headed hydra barely misses you.
The eight-headed hydra bites you but does no damage. x2
The eight-headed hydra closely misses you.
A steam dragon comes into view.
Found a falchion.
The steam dragon hisses angrily.
A kobold comes into view. It is wielding a +0 short sword.
The eight-headed hydra attacks as you move away!
The eight-headed hydra bites you but does no damage.
The eight-headed hydra closely misses you.
The eight-headed hydra bites you but does no damage. x2
The eight-headed hydra bites you!
* * * LOW HITPOINT WARNING * * *
The eight-headed hydra misses you. The eight-headed hydra bites you.
* * * LOW HITPOINT WARNING * * *
The eight-headed hydra bites you!
* * * LOW HITPOINT WARNING * * *
Aiming: Corrosive Bolt
Press: ? - help, Shift-Dir - straight line, f - steam dragon, p - eight-headed hydra
Aim: a steam dragon (71% to hit)
The bolt of acid hits the eight-headed hydra!
The acid corrodes the eight-headed hydra!
The eight-headed hydra is heavily wounded.
The bolt of acid hits the steam dragon!!
The steam dragon is severely wounded.
The eight-headed hydra bites you!
You die...

... ..# #)# #.# #.# #+# #.# ####
#.# ##D#####...# ## #.###
#.D.K.#..# .# ##.#.## #@###.(..#
.###.....## #.# #....#
..........## #.###.###(# #
..##....##.#####......## .# ##
).#.#.#..>.......##....####.####.
#.##..####.#########.......♣.....
#.###.###.## ##..####.####. #.#
#..#.## #..###.#.#.### ..# #.#.##
#.###.##.##.##


You could see an eight-headed hydra (corroded), a steam dragon and a kobold.

Vanquished Creatures
  A catoblepas (D:8)
  A cyclops (D:8)
  Sigmund (D:2)
  A basilisk (D:8)
  Menkaure (D:4)
  A steam dragon (D:6)
  2 water moccasins (D:6)
  An ice beast (D:7)
  3 sky beasts
  2 ogres
  3 orc warriors
  A black bear (D:6)
  3 kobold brigands
  4 scorpions
  5 wights (D:5)
  3 killer bees (D:7)
  A howler monkey (D:4)
  4 orc priests
  2 jellies
  3 hounds
  2 gnoll boudas
  3 iguanas
  4 sleepcaps
  12 orc wizards
  8 adders
  7 gnolls (D:5)
  A river rat (Sewer)
  4 white imps
  2 worms (D:3)
  2 dart slugs
  32 orcs
  8 bats
  5 endoplasms
  5 giant cockroaches
  3 goblins
  10 hobgoblins
  14 jackals
  11 kobolds
  3 quokkas
  5 ball pythons
  4 frilled lizards
  10 rats
198 creatures vanquished.

Vanquished Creatures (others)
  A plant (D:2)
1 creature vanquished.

Grand Total: 199 creatures vanquished

Notes
Turn   | Place    | Note
-------+----------+-------------------------------------------
     0 | D:1      | themarg the Troll Fighter began the quest for the Orb.
     0 | D:1      | Reached XP level 1. HP: 22/22 MP: 0/0
   147 | D:1      | Reached XP level 2. HP: 29/29 MP: 1/1
   576 | D:1      | You fall into a shaft and drop 1 floor!
   622 | D:2      | Reached XP level 3. HP: 37/37 MP: 2/2
   706 | D:2      | Found a basalt altar of Yredelemnul.
   862 | D:1      | Reached skill level 3 in Unarmed Combat
  1167 | D:2      | Noticed Sigmund
  1184 | D:2      | Killed Sigmund
  1185 | D:2      | Reached skill level 4 in Unarmed Combat
  1185 | D:2      | Reached XP level 4. HP: 12/48 MP: 3/3
  1185 | D:2      | Reached XP level 5. HP: 14/54 MP: 4/4
  2026 | D:3      | Found an iron altar of Okawaru.
  2033 | D:3      | Reached XP level 6. HP: 62/62 MP: 5/5
  2172 | D:3      | Became a worshipper of Warmaster Okawaru
  2376 | D:3      | Found a white marble altar of Elyvilon.
  2626 | D:3      | Identified the +4 short sword "Guguos Miova" {freeze, rF+
                  | rN+}
  2861 | D:4      | Reached skill level 5 in Unarmed Combat
  2973 | D:4      | Found a glowing drain.
  2978 | Sewer    | Entered a sewer
  3071 | Sewer    | Reached XP level 7. HP: 71/71 MP: 6/6
  3108 | Sewer    | Reached * piety under Okawaru
  3109 | Sewer    | Reached skill level 5 in Fighting
  3134 | Sewer    | Found a white marble altar of Elyvilon.
  3266 | D:4      | Noticed Menkaure
  3283 | D:4      | Killed Menkaure
  3335 | D:4      | Reached skill level 6 in Unarmed Combat
  3498 | D:4      | Reached ** piety under Okawaru
  3669 | D:4      | Reached XP level 8. HP: 81/81 MP: 7/7
  3883 | D:5      | Entered Level 5 of the Dungeon
  4281 | D:5      | Reached skill level 7 in Unarmed Combat
  4361 | D:5      | Reached skill level 1 in Invocations
  4687 | D:6      | Found Keamecs Zegu's Assorted Antiques.
  4692 | D:6      | Bought a scroll of teleportation for 81 gold pieces
  4692 | D:6      | Bought a potion of curing for 81 gold pieces
  4692 | D:6      | Bought a fuming pink potion for 24 gold pieces
  4692 | D:6      | Bought a blue potion for 24 gold pieces
  4790 | D:6      | Found a staircase to the Ecumenical Temple.
  4861 | D:6      | Found a burning altar of Makhleb.
  4861 | D:6      | Found a glowing silver altar of Zin.
  4862 | D:6      | Noticed an angel
  4862 | D:6      | Noticed a cacodemon
  4869 | D:6      | Reached *** piety under Okawaru
  4913 | D:6      | Reached XP level 9. HP: 89/92 MP: 9/9
  4956 | D:6      | Found a bloodstained altar of Trog.
  5181 | D:6      | Found a large runed translucent door.
  5182 | D:6      | Found a large runed translucent door.
  5342 | D:6      | Reached skill level 5 in Shields
  5342 | D:6      | Reached skill level 8 in Unarmed Combat
  5711 | D:6      | Found a broken altar of Ashenzari.
  5720 | D:6      | Found a sacrificial altar of Ru.
  5892 | D:7      | Noticed a +0 dagger
  5892 | D:7      | Noticed a +0 hand axe
  5894 | D:7      | Found a hide-covered altar of Uskayaw.
  6070 | D:7      | Found a shadowy altar of Dithmenos.
  6168 | D:7      | Reached **** piety under Okawaru
  6233 | D:7      | Found a hazy altar of Hepliaklqana.
  6590 | D:8      | Reached skill level 9 in Unarmed Combat
  6603 | D:8      | Noticed a cyclops
  6612 | D:8      | Killed a cyclops
  6613 | D:8      | Reached skill level 1 in Throwing
  6613 | D:8      | Reached skill level 1 in Evocations
  6652 | D:8      | Noticed a catoblepas
  6665 | D:8      | Killed a catoblepas
  6666 | D:8      | Reached XP level 10. HP: 27/104 MP: 11/11
  7066 | D:8      | Noticed an eight-headed hydra
  7076 | D:8      | Slain by an eight-headed hydra

Illustrated notes

Levels and vault maps discovered:
D:1:      lemuel_arrival_tunnels, layout_loops_ring, dreamdust_princess_bridge,
          kennysheep_pointless_box, minivault_14
D:2:      wad_crossroads, layout_basic, serial_rivers,
          chequers_serial_rivers_micro_b, chequers_serial_rivers_micro_e,
          chequers_serial_rivers_small_3, chequers_serial_rivers_small_b,
          basic_altar, grunt_decor_junction, hangedman_decor_growths,
          serial_bayou_pond_b, uniq_sigmund
D:3:      layout_basic, old_standard_altar, mainiacjoe_overflow_24_doors,
          minmay_misc_feat_columns
D:4:      layout_loops_ring, gup_sewer_entry_spiral, minmay_fractal_squares_5,
          uniq_menkaure
D:5:      layout_gridville
D:6:      layout_loops_corners, grunt_temple_overflow_order_and_chaos_2,
          bloody_trog, jmf_multi_god_temple2, minmay_temple_entry_grid,
          serial_shops, shop_statue, hellmonk_no_cap
D:7:      layout_basic, mainiacjoe_overflow_concentric_impassable,
          dancing_weapons_uskayaw, nicolae_dithmenos_through_a_glass_darkly
D:8:      layout_loops_corners, kb_rosetta

Skill      XL: |  1  2  3  4  5  6  7  8  9 10 |
---------------+-------------------------------+-----
Fighting       | 3 4 5 6 8 |  8.1
Unarmed Combat | 4 5 6 7 9 |  9.5
Shields        | 3 4 5 |  5.0
Invocations    | 1 3 |  3.9
Throwing       | 1 2 |  2.0
Evocations     | 1 |  1.5
Dodging        | |  2.4

Action                     |  1- 3 |  4- 6 |  7- 9 | 10-12 || total
---------------------------+-------+-------+-------+-------++-------
  Melee: Unarmed           |    86 |   154 |   310 |    22 ||   572
         Punch             |       |     1 |    12 |     1 ||    14
  Throw: Dart              |       |       |     7 |       ||     7
         Boomerang         |       |       |     1 |       ||     1
         Large rock        |       |       |       |     2 ||     2
 Invoke: Heroism           |       |       |     1 |     1 ||     2
         Finesse           |       |       |       |     1 ||     1
  Evoke: Wand              |       |       |       |     2 ||     2
    Use: Potion            |     1 |       |     1 |       ||     2
         Scroll            |       |     2 |       |       ||     2
   Stab: Sleeping          |     1 |     4 |       |       ||     5
 Armour: Robe              |    31 |    52 |    99 |    15 ||   197
  Dodge: Dodged            |    39 |    81 |    97 |    22 ||   239

Table legend: (Time is in decaauts)
 A = Elapsed time spent in this place.
 B = Non-inter-level travel time spent in this place.
 C = Inter-level travel time spent in this place.
 D = Time resting spent in this place.
 E = Time spent auto-exploring this place.
 F = Levels seen in this place.
 G = Mean time per level.
                   A        B        C        D        E       F      G
               +--------+--------+--------+--------+--------+-----+--------+
         Total |   7011 |   6818 |    193 |     33 |   5373 |   9 |  779.0 |
       Dungeon |   6787 |   6594 |    193 |     33 |   5242 |   8 |  848.4 |
         Sewer |    223 |    223 |      0 |      0 |    131 |   1 |  223.0 |
               +--------+--------+--------+--------+--------+-----+--------+

Top non-repeatable levels by time:
     D:6: 1053 daAuts
     D:4: 956 daAuts
     D:2: 933 daAuts
     D:1: 928 daAuts
     D:3: 811 daAuts
     D:5: 794 daAuts
     D:8: 720 daAuts
     D:7: 590 daAuts
   Sewer: 223 daAuts
